 Dungeon Crawl Stone Soup version bcrawl-1.24.1 (webtiles) character file.

Game seed: 8122675845988246581

191 duje the Insei (level 5, -3/28 HPs)
             Began as a Vine Stalker Transmuter on June 19, 2020.
             Slain by a sky beast (5 damage)
             ... on level 3 of the Dungeon.
             The game lasted 00:30:14 (2834 turns).

duje the Insei (Vine Stalker Transmuter)            Turns: 2834, Time: 00:30:15

Health: -3/28      AC:  2    Str: 12    XL:     5   Next: 70%
Magic:  8/11       EV: 12    Int: 14    God:
Gold:   120        SH:  0    Dex: 15    Spells: 4/10 levels left

rFire    . . .     SeeInvis .     - Fists (7.5)
rCold    . . .     Gourm    +   (no shield)
rNeg     . . .     Faith    .   b - +0 robe
rPois    .         Spirit   .   (no helmet)
rElec    .         Reflect  .   (no cloak)
rCorr    .         Harm     .   (no gloves)
MR       .....                  (no boots)
Stlth    ++........             u - amulet of the gourmand
HPRegen  0.49/turn              (no ring)
MPRegen  0.12/turn              (no ring)

@: very slightly contaminated
A: fangs 2, regeneration 1, no potion heal 3, rot immunity, strong jaws
a: no special abilities


You were on level 3 of the Dungeon.
You were not hungry.

You visited 1 branch of the dungeon, and saw 3 of its levels.

You collected 120 gold pieces.

Inventory:

Hand Weapons
 l - a cursed -3 hunting sling
Missiles
 a - 80 arrows
 c - 104 javelins (quivered)
 r - 130 poisoned needles
Armour
 b - a +0 robe (worn)
 n - a +0 buckler
Jewellery
 u - an amulet of the gourmand (around neck)
Scrolls
 f - a scroll of noise {unknown}
 i - a scroll of teleportation
 q - a scroll of magic mapping {unknown}
 s - a scroll of enchant armour {unknown}
 t - 2 scrolls of remove curse {unknown}
Potions
 d - a potion of lignification
 g - 2 potions of degeneration {unknown}
 h - a potion of haste {unknown}
 j - a potion of invisibility {unknown}
 k - a potion of brilliance {unknown}
 m - 2 potions of curing {unknown}
 o - a potion of resistance {unknown}
 p - a potion of heal wounds {unknown}
Comestibles
 e - 6 rations {!d}
 v - 3 chunks of flesh


   Skills:
 - Level 0.8 Fighting
 - Level 2.0 Dodging
 * Level 3.1 Stealth
 + Level 3.9 Unarmed Combat
 + Level 3.4 Spellcasting
 + Level 3.1 Transmutations
 + Level 1.4 Poison Magic


You had 4 spell levels left.
You knew the following spells:

 Your Spells              Type           Power        Failure   Level  Hunger
a - Beastly Appendage     Tmut           ##....       5%          1    #......
b - Spider Form           Tmut/Pois      #..          24%         3    ###....
c - Sticks to Snakes      Tmut           ##......     9%          2    ##.....

Your spell library contained the following spells:

 Spells                   Type           Power        Failure   Level  Hunger
 Ice Form                 Ice/Tmut       #.......     71%         4    #####..
 Blade Hands              Tmut           ##........   83%         5    ######.


Dungeon Overview and Level Annotations

Branches:
Dungeon (3/12)

Altars:
Ashenzari
Gozag
Hepliaklqana
Lugonu
Nemelex Xobeh


Innate Abilities, Weirdness & Mutations

You have extremely sharp teeth.
Your natural rate of healing is unusually fast.
Potions cannot restore your health.
You are immune to rotting.
Your bites deal extra damage.


Message History

The sky beast is heavily wounded.
The sky beast misses you.
You closely miss the sky beast.
The sky beast is heavily wounded.
You closely miss the sky beast.
You bite the sky beast, but do no damage.
The sky beast is heavily wounded.
The sky beast hits you. The sky beast shocks you.
You hit the sky beast but do no damage.
The sky beast is heavily wounded.
The sky beast hits you.
* * * LOW HITPOINT WARNING * * *
The sky beast shocks you.
* * * LOW HITPOINT WARNING * * *
You hit the sky beast but do no damage.
The sky beast is heavily wounded.
The sky beast hits you.
* * * LOW HITPOINT WARNING * * *
The sky beast shocks you.
You die...

#...........# #.. #...........#
#.. ##...........#######..
#......####+###...##.# #......#
#.# #...##.# #.###'#####.#
#...##.# ###...#.......# #...##.#
#.....#.Y...### #...##.#
#.....#@###.#####...##.#
#.....#.# #.....#...##.#
##......###.....#...##.#
#.....................#
#.....####............. ########
#.....# #............. .......#
#.....# #####.........
.......####.....# #.....^...
...............#############...##


You could see a sky beast.

Vanquished Creatures
  Natasha (D:3)
  4 gnolls (D:2)
  4 adders (D:3)
  2 oozes
  6 worms
  A dart slug (D:2)
  3 leopard geckos
  An orc (D:2)
  5 bats
  4 giant cockroaches
  5 goblins
  4 hobgoblins
  6 jackals
  6 kobolds
  A quokka (D:2)
  A ball python (D:2)
  2 frilled lizards
  6 rats
62 creatures vanquished.

Vanquished Creatures (collateral kills)
  A frilled lizard (D:2)
1 creature vanquished.

Grand Total: 63 creatures vanquished

Notes
Turn   | Place    | Note
-------+----------+-------------------------------------------
     0 | D:1      | duje the Vine Stalker Transmuter began the quest for the
                  | Orb.
     0 | D:1      | Reached XP level 1. HP: 11/11 MP: 4/4
   149 | D:1      | Reached XP level 2. HP: 14/16 MP: 4/6
   616 | D:1      | Reached XP level 3. HP: 20/20 MP: 8/8
   864 | D:2      | Learned a level 3 spell: Spider Form
   971 | D:2      | Reached skill level 1 in Stealth
   971 | D:2      | Reached XP level 4. HP: 18/24 MP: 5/9
  1048 | D:2      | Found a hazy altar of Hepliaklqana.
  1136 | D:2      | Found a shattered altar of Ashenzari.
  1497 | D:2      | Learned a level 2 spell: Sticks to Snakes
  1650 | D:2      | HP: 1/24 [gnoll/+0 flail (9)]
  1886 | D:3      | Reached skill level 1 in Poison Magic
  1902 | D:3      | Reached XP level 5. HP: 10/28 MP: 10/10
  2023 | D:3      | Noticed a sky beast
  2128 | D:3      | Found an opulent altar of Gozag.
  2128 | D:3      | Found a sparkling altar of Nemelex Xobeh.
  2171 | D:3      | Found a corrupted altar of Lugonu.
  2228 | D:3      | Found a sparkling altar of Nemelex Xobeh.
  2674 | D:3      | Noticed Natasha
  2684 | D:3      | Killed Natasha
  2834 | D:3      | Slain by a sky beast

Skill      XL: |  1  2  3  4  5 |
---------------+----------------+-----
Stealth        | 1 2 3 |  3.1
Spellcasting   | 3 |  3.4
Poison Magic   | 1 |  1.4
Transmutations | 3 |  3.1
Fighting       | |  0.8
Dodging        | |  2.0
Unarmed Combat | |  3.9

Action                   |  1- 3 |  4- 6 || total
-------------------------+-------+-------++-------
Melee: Unarmed           |    86 |   155 ||   241
       Bite              |     6 |    14 ||    20
       Headbutt          |     1 |     2 ||     3
       Kick              |     7 |     5 ||    12
       Punch             |       |     1 ||     1
Throw: Javelin           |     7 |     7 ||    14
 Cast: Beastly Appendage |     8 |     6 ||    14
       Spider Form       |       |     6 ||     6
       Sticks to Snakes  |       |     4 ||     4
  Use: Scroll            |       |     2 ||     2
 Stab: Sleeping          |       |     6 ||     6
  Eat: Chunk             |       |     5 ||     5
       Ration            |       |     1 ||     1
Armor: Robe              |     7 |    10 ||    17
Dodge: Dodged            |    57 |    77 ||   134
